 Dungeon Crawl Stone Soup version 0.31.0-11-ge490571c62 (webtiles) character file.

Game seed: 10878255685904875772

1166 solopath the Insei (level 8, -1/63 HPs)
             Began as a Demonspawn Monk on Jan 27, 2024.
             Was an Elder of Wu Jian.
             Slain by a gnoll
             ... wielding a +0 halberd
             ... led by a gnoll sergeant
              (10 damage)
             ... on level 6 of the Dungeon.
             The game lasted 00:10:18 (4978 turns).

solopath the Insei (Demonspawn Monk)                Turns: 4978, Time: 00:10:18

Health: -1/63      AC:  3    Str: 12    XL:     8   Next: 17%
Magic:  8/8        EV: 14    Int: 17    God:    Wu Jian [****..]
Gold:   727        SH:  5    Dex: 17    Spells: 2/7 levels left

rFire   . .          .
                       - Unarmed
rCold   . . .        c - orb {light}
rNeg    . . .        a - +0 robe
rPois   .            (helmet restricted)
rElec   .            r - +0 cloak
rCorr   .            (no gloves)
SInv    .            (no boots)
Will    .....        g - amulet of reflection
Stlth   +            e - ring of wizardry
HPRegen 0.30/turn    l - +6 ring of intelligence
MPRegen 0.11/turn

%: reflection, wizardry (x1)
@: glowing
A: antennae 1, spiny 1, sturdy frame 1, demonic magic 1
a: Renounce Religion, Wall Jump, Serpent's Lash


You were on level 6 of the Dungeon.
You worshipped Wu Jian.
Wu Jian was greatly pleased with you.
You visited 1 branch of the dungeon, and saw 6 of its levels.

You collected 727 gold pieces.

Inventory:

Armour
 a - a +0 robe (worn)
 c - an orb of light (worn)
 r - a +0 cloak (worn)
Jewellery
 e - a ring of wizardry (left hand)
 f - a ring of wizardry
 g - an amulet of reflection (around neck)
 l - a +6 ring of intelligence (right hand)
Wands
 s - a wand of roots (6)
 v - a wand of mindburst (15)
Scrolls
 d - 2 scrolls of vulnerability
 h - 6 scrolls of teleportation
 k - a scroll of immolation {unknown}
 m - a scroll of enchant armour {unknown}
 n - a scroll of noise {unknown}
 t - a scroll of amnesia
 u - a scroll of silence {unknown}
 y - a scroll of poison {unknown}
Potions
 b - a potion of ambrosia
 i - 2 potions of invisibility
 j - 3 potions of lignification
 o - 3 potions of mutation
 p - a potion of enlightenment
 q - 6 potions of curing
 w - a potion of haste
 x - a potion of brilliance {unknown}
 z - a potion of magic
 A - a potion of might
 B - a potion of heal wounds {unknown}


   Skills:
 + Level 5.5 Fighting
 + Level 5.0 Dodging
 * Level 6.4 Unarmed Combat
 + Level 2.8 Hexes


You had 2 spell levels left.
You knew the following spells:

 Your Spells              Type           Power      Damage    Failure   Level
a - Apportation           Tloc           0%         N/A       10%         1
b - Cigotuvi's Dreadful   Necr/Alch/Air  0%         N/A       14%         2
c - Jinxbite              Hex            18%        N/A       4%          2

Your spell library contained the following spells:

 Spells                   Type           Power      Damage    Failure   Level
 Ignite Poison            Fire/Alch      0%         N/A       65%         4
 Alistair's Intoxication  Alch           0%         N/A       92%         5
 Freezing Cloud           Conj/Ice/Air   0%         6-21      92%         5


Dungeon Overview and Level Annotations

Branches:
Dungeon (6/15)
 Temple: D:4-7

Altars:
Ashenzari
Makhleb
Vehumet
Wu Jian
Xom
Yredelemnul

Shops:
D:3 (


Innate Abilities, Weirdness & Mutations

You have a pair of small antennae on your head.
You are partially covered in sharp spines.
Your movements are slightly less encumbered by armour. (ER -2)
Spells you cast may paralyse adjacent enemies.


Message History

The gnoll sergeant hits you with a +0 spear.
You hit the gnoll sergeant but do no damage.
The gnoll sergeant is severely wounded.
You are no longer corroded.
The gnoll sergeant seems less drained.
The gnoll closely misses you.
The gnoll sergeant hits you with a +0 spear!
* * * LOW HITPOINT WARNING * * *
Unknown command.
Your muscles tense, ready for explosive movement...
You lunge with incredible momentum at the gnoll sergeant.
You hit the gnoll sergeant but do no damage.
The gnoll sergeant is severely wounded.
Your supernatural speed expires.
Unknown command.
You hit the gnoll sergeant.
The gnoll sergeant is almost dead.
The gnoll closely misses you. The gnoll sergeant misses you.
You hit the gnoll sergeant but do no damage.
The gnoll sergeant is almost dead.
The gnoll is struck by your spines. The gnoll completely misses you.
The gnoll sergeant is struck by your spines.
The gnoll sergeant barely misses you.
You hit the gnoll sergeant.
You kill the gnoll sergeant!
The Council accepts your kill. The gnoll hits you with a +0 whip!
* * * LOW HITPOINT WARNING * * *
Your Dodging skill increases to level 5!
Unknown command.
The gnoll attacks as it pursues you! The gnoll hits you with a +0 whip.
* * * LOW HITPOINT WARNING * * *
The gnoll hits you from afar with a +0 halberd.
* * * LOW HITPOINT WARNING * * *
The gnoll barely misses you.
Unknown command.
You feel your willpower return.
You feel less exhausted. The gnoll attacks as it pursues you!
The gnoll hits you from afar with a +0 halberd!
You die...

#... ###)# #..)#
######.#.#
####..##...#g#
####.....#..###.# #.
####.......##.## #.#
#.
##........###..####.#
#.
#..##..###@.g.Jg.g..#
..###
#.#...##....g########
#...###...####.....#
#.#.##...## #....##
.......### #...>#
#......### ######
##..........
#..####...## ..##
##.#


You could see a jelly and 4 gnolls.

Vanquished Creatures
  Pikel (D:5)
  A centaur (D:4)
  An ogre (D:4)
  A gnoll sergeant (D:6)
  A crimson imp (D:3)
  A centaur zombie (D:5)
  A bullfrog zombie (D:5)
  A jelly (D:6)
  2 bombardier beetles
  An iguana (D:4)
  Jessica (D:3)
  A sleepcap (D:5)
  8 gnolls
  4 adders
  A dart slug (D:3)
  10 orcs
  7 ball pythons
  6 endoplasms
  2 giant cockroaches
  6 goblins
  5 hobgoblins
  5 kobolds
  2 quokkas
  6 bats
  4 frilled lizards
  6 rats
85 creatures vanquished.

Notes
Turn   | Place    | Note
-------+----------+-------------------------------------------
     0 | D:1      | solopath the Demonspawn Monk began the quest for the Orb.
     0 | D:1      | Reached XP level 1. HP: 18/18 MP: 1/1
     4 | D:1      | Found a faded altar of an unknown god.
    57 | D:1      | Prayed at the altar of an unknown god.
    57 | D:1      | Became a worshipper of the Wu Jian Council
    57 | D:1      | Reached * piety under Wu Jian
    57 | D:1      | Reached ** piety under Wu Jian
   174 | D:1      | Gained mutation: Your movements are slightly less
                  | encumbered by armour. (ER -2) [demonic ancestry]
   174 | D:1      | Reached XP level 2. HP: 13/24 MP: 2/2
   270 | D:1      | Reached *** piety under Wu Jian
   519 | D:1      | Reached skill level 3 in Unarmed Combat
  1049 | D:2      | Reached XP level 3. HP: 29/29 MP: 3/3
  1595 | D:3      | Gained mutation: Spells you cast may paralyse adjacent
                  | enemies. [demonic ancestry]
  1595 | D:3      | Reached XP level 4. HP: 28/37 MP: 4/4
  1861 | D:3      | Identified a scroll of acquirement
  1861 | D:3      | Acquired 414 gold pieces
  1868 | D:3      | You fall into a shaft and drop 1 floor!
  1911 | D:3      | Learned a level 1 spell: Apportation
  1988 | D:3      | Noticed Jessica
  1991 | D:3      | Killed Jessica
  1992 | D:3      | Reached skill level 4 in Unarmed Combat
  2096 | D:3      | Gained mutation: You have a pair of small antennae on your
                  | head. [demonic ancestry]
  2096 | D:3      | Reached XP level 5. HP: 42/42 MP: 5/5
  2123 | D:3      | Found Edofaj's Weapon Shop.
  2291 | D:3      | Reached **** piety under Wu Jian
  2445 | D:3      | Found a burning altar of Makhleb.
  2447 | D:3      | Found a radiant altar of Vehumet.
  2605 | D:3      | Learned a level 2 spell: Cigotuvi's Dreadful Rot
  2778 | D:4      | Found a shimmering altar of Xom.
  2983 | D:4      | Reached XP level 6. HP: 13/45 MP: 6/6
  3349 | D:4      | Found a broken altar of Ashenzari.
  3432 | D:4      | Reached skill level 5 in Unarmed Combat
  3435 | D:4      | Learned a level 2 spell: Jinxbite
  3806 | D:5      | Entered Level 5 of the Dungeon
  4050 | D:5      | Reached skill level 1 in Hexes
  4050 | D:5      | Reached XP level 7. HP: 29/55 MP: 7/7
  4509 | D:5      | Noticed Pikel
  4527 | D:5      | Killed Pikel
  4528 | D:5      | Reached skill level 5 in Fighting
  4528 | D:5      | Reached skill level 6 in Unarmed Combat
  4528 | D:5      | Gained mutation: You are partially covered in sharp spines.
                  | [demonic ancestry]
  4528 | D:5      | Reached XP level 8. HP: 40/62 MP: 4/8
  4831 | D:5      | Found a basalt altar of Yredelemnul.
  4966 | D:6      | Reached skill level 5 in Dodging
  4978 | D:6      | Slain by a gnoll

Illustrated notes

Levels and vault maps discovered:
D:1:      spicycebolla_green_bress_n_ham_2, layout_rooms,
          ebering_ecumenical_altar_petrified, st_stairs_4, minivault_5
D:2:      layout_basic
D:3:      layout_loops_ring, grunt_temple_overflow_lords_of_destruction,
          serial_shops, nicolae_shop_window_shopping, uniq_jessica
D:4:      layout_basic, mainiacjoe_overflow_surrounded_room,
          mainiacjoe_overflow_alcove_4
D:5:      nicolae_cairo_tiling_very_big, layout_loops_corners,
          lemuel_zombie_altar_yredelemnul, uniq_pikel
D:6:      layout_rooms, grunt_temple_overflow_growth_and_decay,
          minmay_temple_entry_fiery, serial_library_regret_index_headful

Skill      XL: |  1  2  3  4  5  6  7  8 |
---------------+-------------------------+-----
Dodging        | 3 4 5 |  5.0
Unarmed Combat | 3 4 5 6 |  6.4
Fighting       | 4 5 |  5.5
Hexes          | 1 2 |  2.8

Action                     |  1- 3 |  4- 6 |  7- 9 || total
---------------------------+-------+-------+-------++-------
  Melee: Unarmed           |   105 |   170 |    51 ||   326
   Cast: Cigotuvi's Dreadf |       |     4 |       ||     4
         Apportation       |       |     1 |       ||     1
         Jinxbite          |       |       |     2 ||     2
 Invoke: Serpent's Lash    |       |     3 |     1 ||     4
Ability: Lunge             |     9 |    19 |     3 ||    31
         Whirlwind         |    13 |    34 |    22 ||    69
         Wall Jump         |       |     1 |       ||     1
  Evoke: Wand              |       |     2 |       ||     2
    Use: Scroll            |     1 |    15 |       ||    16
   Stab: Paralysed         |       |     1 |       ||     1
 Armour: Robe              |    43 |    65 |    38 ||   146
  Dodge: Dodged            |    60 |   100 |    36 ||   196
